AoeStats
← TENTFS_JuanGar

Pilgrims

508572661Analyzed
4v4 RM · 11d ago on Sep 23, 2026· 25m 51s· 8 players
Game mode
Random Map
Map size
Large (8 player)
Population
200
Speed
Normal
Resources
Standard
Victory
Conquest
Starting age
Dark Age
Ending age
Imperial Age
RankedLock teamsTeams togetherTeam positionsShared explorationLock speedFull tech treeHidden civsTurbo modeCheats
Victory
Defeat
🇨🇳 Slavs · China
1488
+11
🇺🇸 Maya · United States
1374
+16
🇨🇴 Persians · Colombia
1333
+18
🇨🇴 Danes · Colombia
1272
+20
🇵🇪 Japanese · Peru
1485
-22
🇨🇳 Armenians · China
1447
-19
🇲🇽 Khmer · Mexico
1274
-12
🇲🇽 Celts · Mexico
1274
-12
treehugger
7:55 Loom
10:44 Feudal Age
11:32 Double-Bit Axe
11:39 Fishing Lines
12:02 Fletching
17:40 Castle Age
16:57 Horse Collar
17:53 Padded Archer Armor
17:44 Crossbowman
18:31 Bodkin Arrow
20:52 Bow Saw
24:16 Leather Archer Armor
ACI Dross
3:42 Loom
9:11 Feudal Age
9:40 Double-Bit Axe
13:07 Wheelbarrow
14:43 Town Watch
14:57 Fishing Lines
18:01 Castle Age
16:23 Gold Mining
18:16 Forging
18:59 Medium Warships
19:59 Iron Casting
19:34 Town Watch
20:12 Gillnets
23:01 Scale Barding Armor
22:59 Scale Mail Armor
24:25 Squires
24:10 Arson
24:11 Gambesons
25:03 Fletching
木薯大王
13:12 Feudal Age
13:48 Fishing Lines
13:59 Double-Bit Axe
17:15 Castle Age
15:33 Gold Mining
16:34 Loom
17:25 Wheelbarrow
17:14 Stone Mining
17:26 Horse Collar
18:30 Bow Saw
19:08 Medium Warships
19:13 Gillnets
21:30 Gold Shaft Mining
22:06 Heavy Plow
24:06 Detinets
28:01 Imperial Age
25:48 Hand Cart
26:07 Scale Barding Armor
26:12 Forging
ACI ShaN
6:42 Loom
8:38 Feudal Age
13:29 Fishing Lines
20:24 Castle Age
18:12 Double-Bit Axe
20:13 Gold Mining
21:08 Medium Warships
22:45 Padded Archer Armor
25:36 Clinker Construction
TENTFS_JuanGar
6:20 Loom
11:33 Feudal Age
15:57 Castle Age
18:48 Wheelbarrow
18:55 Wheelbarrow
18:55 Town Watch
24:15 Forging
24:06 Scale Mail Armor
26:10 Iron Casting
Srta Nesbit
10:48 Feudal Age
18:31 Bloodlines
24:17 Castle Age
Manuel24
7:36 Loom
10:00 Feudal Age
11:58 Fishing Lines
14:52 Castle Age
13:14 Double-Bit Axe
16:52 Scale Mail Armor
大骚刚
3:00 Loom
4:39 Loom
11:44 Feudal Age
15:33 Castle Age
13:38 Fishing Lines
14:10 Double-Bit Axe
15:58 Fletching
16:09 Padded Archer Armor
15:43 Demolition Ship
16:35 Medium Warships
16:18 Gillnets
17:39 Bow Saw
18:55 Clinker Construction
19:04 Careening
22:24 Padded Archer Armor
24:39 Scale Mail Armor
Connection lost

Rejoining the realm…

Still unreachable

The connection could not be restored.

Session expired

The server has moved on; the page needs a fresh start.